 Seeded DCSS version 0.31-a0-1570-g93c622d222 (webtiles) character file.

Game seed: 16103880858950817085 (custom seed)

77 innerfire43 the Conjurer (level 4, -5/34 HPs)
             Began as a Demonspawn Wanderer on Jan 3, 2024.
             Slain by a gnoll
             ... wielding a +0 spear
              (10 damage)
             ... on level 3 of the Dungeon.
             The game lasted 00:02:36 (1670 turns).

innerfire43 the Conjurer (Demonspawn Wanderer)      Turns: 1670, Time: 00:02:37

Health: -5/34      AC:  2    Str: 15    XL:     4   Next: 13%
Magic:  2/2        EV: 11    Int: 17    God:
Gold:   34         SH:  5    Dex: 14    Spells: 5/5 levels left

rFire   . . .        l - +6 whip of Law {antimagic, Int+3 Dex+2}
rCold   . . .        (no shield)
rNeg    + . .        c - +0 robe
rPois   .            (no helmet)
rElec   .            (no cloak)
rCorr   .            (no gloves)
SInv    .            (no boots)
Will    .....        e - amulet of reflection
Stlth   +            g - ring of positive energy
HPRegen 0.25/turn    (no ring)
MPRegen 0.08/turn

%: reflection
@: no status effects
A: big brain 1, weakness stinger 1
a: no special abilities


You were on level 3 of the Dungeon.
You visited 1 branch of the dungeon, and saw 3 of its levels.

You collected 34 gold pieces.

Inventory:

Hand Weapons
 a - a +1 rapier
 l - the +6 whip of Law (weapon) {antimagic, Int+3 Dex+2}
   (You found it on level 2 of the Dungeon)

   Int+3:     It affects your intelligence (+3).
   Dex+2:     It affects your dexterity (+2).
Armour
 c - a +0 robe (worn)
Jewellery
 e - an amulet of reflection (around neck)
 g - a ring of positive energy (left hand)
Talismans
 j - a beast talisman
Scrolls
 b - a scroll of fear
 d - 2 scrolls of amnesia {unknown}
 h - 2 scrolls of poison {unknown}
 i - a scroll of teleportation {unknown}
 k - a scroll of identify {unknown}
 m - a scroll of fog {unknown}
Potions
 f - 2 potions of curing {unknown}
 n - a potion of resistance {unknown}


   Skills:
 + Level 2.7 Fighting
 - Level 2.6 Short Blades
 + Level 1.7 Maces & Flails
 - Level 1.0 Throwing
 - Level 1.4 Spellcasting
 - Level 3.2 Conjurations
 * Level 1.3 Shapeshifting


You had 5 spell levels left.
You didn't know any spells.
Your spell library contained the following spells:

 Spells                   Type           Power      Damage    Failure   Level
 Magic Dart               Conj           48%        1d5       5%          1
 Momentum Strike          Conj/Tloc      12%        3d8       16%         2
 Static Discharge         Conj/Air       12%        3-4/arc   16%         2
 Blink                    Tloc           2%         N/A       30%         2
 Call Imp                 Summ           2%         N/A       30%         2
 Inner Flame              Hex/Fire       1%         N/A       52%         3
 Irradiate                Conj/Alch      3%         3d12      96%         5
 Ignition                 Fire           0%         3d3       100%        8


Dungeon Overview and Level Annotations

Branches:
Dungeon (3/15)

Altars:
Ashenzari
Fedhas
Ru


Innate Abilities, Weirdness & Mutations

You have an unusually large brain. (Int +2)
You have a small tail.


Message History

There are monsters nearby!
There are monsters nearby!
You barely miss the gnoll. The gnoll hits you with a +0 club.
The gnoll barely misses you.
You whack the gnoll!
The gnoll is severely wounded.
The gnoll closely misses you.
There are monsters nearby!
You whack the gnoll!
You kill the gnoll!
You block the gnoll's attack.
You have reached level 4!
You feel stronger.
Your demonic ancestry asserts itself...
You grow a small tail.
Found a broken altar of Ashenzari and a blossoming altar of Fedhas.
You block the gnoll's attack. The gnoll closely misses you.
Things that are here:
a +0 club; a gnoll corpse You whack the gnoll!
You kill the gnoll!
You block the gnoll's attack. The gnoll barely misses you.
The gnoll hits you with a +0 spear! The gnoll hits you with a +0 halberd.
Things that are here:
a +0 spear; a gnoll corpse You are too injured to fight recklessly!
You are too injured to fight recklessly!
You are too injured to fight recklessly!
You are too injured to fight recklessly!
The gnoll hits you from afar with a +0 spear.
* * * LOW HITPOINT WARNING * * *
The gnoll misses you.
Things that are here:
a +0 club; a gnoll corpse The gnoll closely misses you.
The gnoll hits you from afar with a +0 spear!
* * * LOW HITPOINT WARNING * * *
You hit the gnoll.
The gnoll is lightly wounded.
The gnoll hits you from afar with a +0 spear!
You die...

#...# #.#.#
#.### #.#.. ###
#.# #.# ..# #.#
.# #.# #.# #.##
#.# #.###.#
#..†..#
#.#######@###.#
#......#g## #.#
#..._..g## #..
##._8...# ###.
#.._..## #.
#..... ..
....... .#
..##### .


You could see 2 gnolls.

Vanquished Creatures
  An adder (D:3)
  2 gnolls (D:3)
  A dart slug (D:1)
  4 ball pythons
  6 endoplasms
  3 giant cockroaches
  A goblin (D:1)
  5 hobgoblins
  3 jackals (D:2)
  3 kobolds
  3 quokkas
  4 bats
  2 frilled lizards
  2 rats (D:2)
40 creatures vanquished.

Notes
Turn   | Place    | Note
-------+----------+-------------------------------------------
     0 | D:1      | innerfire43 the Demonspawn Wanderer began the quest for the
                  | Orb.
     0 | D:1      | innerfire43 set off with the following items: a +1 rapier,
                  | a scroll of fear, a +0 robe; and the following spells
                  | available to memorise: Momentum Strike, Static Discharge.
     0 | D:1      | Reached XP level 1. HP: 16/16 MP: 2/2
   132 | D:1      | Gained mutation: You have an unusually large brain. (Int
                  | +2) [demonic ancestry]
   132 | D:1      | Reached XP level 2. HP: 12/22 MP: 3/3
   358 | D:1      | Reached skill level 1 in Maces & Flails
   375 | D:1      | Found a faded altar of an unknown god.
  1111 | D:2      | Identified the +6 whip of Law {antimagic, Int+3 Dex+2}
  1231 | D:2      | Reached XP level 3. HP: 28/28 MP: 1/5
  1609 | D:3      | Reached skill level 1 in Shapeshifting
  1655 | D:3      | Found a sacrificial altar of Ru.
  1661 | D:3      | Gained mutation: You have a small tail. [demonic ancestry]
  1661 | D:3      | Reached XP level 4. HP: 28/34 MP: 2/6
  1661 | D:3      | Found a broken altar of Ashenzari.
  1661 | D:3      | Found a blossoming altar of Fedhas.
  1670 | D:3      | Slain by a gnoll

Illustrated notes

Levels and vault maps discovered:
D:1:      ebering_hopf_link, layout_basic,
          shapermc_ecumenical_altar_starsandcircs
D:2:      layout_basic
D:3:      layout_loops_ring, chequers_temple_overflow_statue_of_worship,
          kennysheep_generic_room_2, uniq_terence, uniq_sigmund

Skill      XL: |  1  2  3 |
---------------+----------+-----
Maces & Flails | 1 |  1.7
Shapeshifting  | 1 |  1.3
Fighting       | |  2.7
Short Blades   | |  2.6
Throwing       | |  1.0
Spellcasting   | |  1.4
Conjurations   | |  3.2

Action                     |  1- 3 |  4- 6 || total
---------------------------+-------+-------++-------
  Melee: Rapier            |    72 |       ||    72
         Whip              |    56 |     2 ||    58
         Punch             |     1 |       ||     1
 Armour: Robe              |    66 |     5 ||    71
  Dodge: Dodged            |    66 |     4 ||    70
  Block: Other             |     9 |     2 ||    11

Table legend: (Time is in decaauts)
 A = Elapsed time spent in this place.
 B = Non-inter-level travel time spent in this place.
 C = Inter-level travel time spent in this place.
 D = Time resting spent in this place.
 E = Time spent auto-exploring this place.
 F = Levels seen in this place.
 G = Mean time per level.
                   A        B        C        D        E       F      G
               +--------+--------+--------+--------+--------+-----+--------+
         Total |   1675 |   1660 |     15 |      0 |   1327 |   3 |  558.3 |
       Dungeon |   1675 |   1660 |     15 |      0 |   1327 |   3 |  558.3 |
               +--------+--------+--------+--------+--------+-----+--------+

Top non-repeatable levels by time:
     D:1: 1001 daAuts
     D:2: 538 daAuts
     D:3: 136 daAuts
